 Dungeon Crawl Stone Soup version 0.24-a0-91-g4e4936a (webtiles) character file.

Game seed: 18004328134610465380

240657 Blackhawk the Corrupter of Planes (level 18, -10/153 HPs)
             Began as a Demonspawn Abyssal Knight on Feb 8, 2019.
             Was the Champion of Lugonu.
             Mangled by a juggernaut (11 damage)
             ... on level 15 of the Dungeon.
             The game lasted 02:03:12 (52995 turns).

Blackhawk the Corrupter of Planes (DsAK)           Turns: 52995, Time: 02:03:12

Health: -10/153    AC: 31    Str: 26    XL:     18   Next: 62%
Magic:  0/39       EV: 17    Int: 11    God:    Lugonu [******]
Gold:   2891       SH: 21    Dex: 18    Spells: 17/17 levels left

rFire    . . .     SeeInvis .   a - +6 shillelagh "Devastator" {shatter}
rCold    + . .     Gourm    .   h - +1 large shield
rNeg     + . .     Faith    .   O - +3 scale mail "Itolichy" {Stlth+}
rPois    +         Spirit   +   W - +2 helmet of the Evening {rPois Str+4 Dex+2}
rElec    .         Reflect  .   i - +2 cloak
rCorr    .         Harm     .   V - +0 pair of gloves {Str+3}
MR       +++..                  C - +0 pair of boots
Stlth    ++........             m - amulet of magic regeneration
HPRegen  0.35/turn              T - ring of the Harvest {rPois MR+ MP+9 Int-3 Stlth+}
MPRegen  0.77/turn              g - ring "Kaylur" {MR+ Dex+2}

@: repel missiles
A: talons 2, repulsion field 3, cold resistance 1, icemail, negative energy
resistance 1, magic shield, magic regeneration, freezing cloud immunity, subdued
magic 1
}: 2/15 runes: barnacled, gossamer
a: Depart the Abyss, Bend Space, Banish, Corrupt, Enter the Abyss, Brand Weapon
With Distortion, Renounce Religion


You were on level 15 of the Dungeon.
You worshipped Lugonu.
Lugonu was exalted by your worship.
You were near starving.

You visited 6 branches of the dungeon, and saw 32 of its levels.
You visited the Abyss 1 time.
You also visited: Gauntlet and Ice Cave.

You collected 3471 gold pieces.
You spent 580 gold pieces at shops.

Inventory:

Hand Weapons
 a - the +6 shillelagh "Devastator" (weapon) {shatter}
   (You acquired it on level 6 of the Lair of Beasts)
 b - a +7 broad axe
Missiles
 B - 11 throwing nets (quivered)
Armour
 h - a +1 large shield (worn)
 i - a +2 cloak (worn)
 C - a +0 pair of boots (worn)
 O - the +3 scale mail "Itolichy" (worn) {Stlth+}
   (You bought it in a shop on level 8 of the Dungeon)

   It makes you more stealthy.
 V - a +0 pair of gloves of strength (worn)
 W - the +2 helmet of the Evening (worn) {rPois Str+4 Dex+2}
   (You found it on level 5 of the Lair of Beasts)

   It affects your strength (+4).
   It affects your dexterity (+2).
   It protects you from poison.
Jewellery
 g - the ring "Kaylur" (right hand) {MR+ Dex+2}
   (You bought it in a shop on level 2 of the Orcish Mines)

   [ring of dexterity]

   It affects your dexterity (+2).
   It affects your resistance to hostile enchantments.
 j - the ring of Immorality {rC+ rN+ EV+2 Int+4}
   (You found it in a Gauntlet)

   [ring of evasion]

   It affects your evasion (+2).
   It affects your intelligence (+4).
   It protects you from cold.
   It protects you from negative energy.
 m - an amulet of magic regeneration (around neck)
 w - a +4 ring of protection
 I - an uncursed ring of positive energy
 R - an uncursed ring of see invisible
 T - the ring of the Harvest (left hand) {rPois MR+ MP+9 Int-3 Stlth+}
   (You found it on level 1 of the Lair of Beasts)

   [ring of protection from magic]

   It affects your intelligence (-3).
   It protects you from poison.
   It affects your resistance to hostile enchantments.
   It affects your magic capacity (+9).
   It makes you more stealthy.
 Z - the ring "Mauneg" {rPois rC+ Dex+2 Slay+2 SInv}
   (You found it in an ice cave)

   [ring of poison resistance]

   It affects your dexterity (+2).
   It affects your accuracy and damage with ranged weapons and melee attacks
   (+2).
   It protects you from cold.
   It protects you from poison.
   It lets you see invisible.
Wands
 d - a wand of flame (40)
 q - a wand of acid (33)
 y - a wand of polymorph (20)
 D - a wand of clouds (9)
 F - a wand of disintegration (31)
 M - a wand of scattershot (25)
 Q - a wand of paralysis (33)
 X - a wand of iceblast (32)
Scrolls
 n - 2 scrolls of blinking
 r - 3 scrolls of fog
 s - 16 scrolls of teleportation
 v - 6 scrolls of enchant armour
 z - a scroll of summoning
 A - 4 scrolls of remove curse
 G - 7 scrolls of fear
 N - 9 scrolls of magic mapping
Potions
 e - 6 potions of lignification
 f - 3 potions of berserk rage
 k - 5 potions of brilliance
 l - 3 potions of cancellation
 o - 4 potions of magic
 p - 15 potions of curing
 t - 5 potions of agility
 u - 2 potions of mutation
 x - 3 potions of resistance
 H - a potion of might
 K - 6 potions of flight
 L - 4 potions of invisibility
 P - 5 potions of haste
 S - 3 potions of ambrosia
 Y - 3 potions of heal wounds
Miscellaneous
 E - a sack of spiders
 U - a phantom mirror
Comestibles
 c - 61 rations


   Skills:
 + Level 16.7 Fighting
 - Level 16.0 Axes
 + Level 10.3 Armour
 - Level 7.3 Dodging
 + Level 12.8 Shields
 - Level 16.7 Invocations


You had 17 spell levels left.
You didn't know any spells.
Your spell library contained the following spells:

 Spells                   Type           Power        Failure   Level  Hunger
 Animate Skeleton         Necr           N/A          97%         1    ##.....
 Apportation              Tloc           #.....       97%         1    ##.....
 Confusing Touch          Hex            #.....       97%         1    ##.....
 Magic Dart               Conj           #...         97%         1    ##.....
 Summon Small Mammal      Summ           #...         97%         1    ##.....
 Call Imp                 Summ           #.......     99%         2    ###....
 Poisonous Vapours        Pois/Air       #.....       99%         2    ###....
 Searing Ray              Conj           #.....       99%         2    ###....
 Call Canine Familiar     Summ           #.......     100%        3    ####...
 Conjure Flame            Conj/Fire      #.......     100%        3    ####...
 Dazzling Spray           Conj/Hex       #.....       100%        3    ####...
 Mephitic Cloud           Conj/Pois/Air  #.......     100%        3    ####...
 Recall                   Summ/Tloc      N/A          100%        3    ####...
 Summon Guardian Golem    Hex/Summ       #.......     100%        3    ####...
 Animate Dead             Necr           N/A          100%        4    #####..
 Cause Fear               Hex            #.........   100%        4    #####..
 Force Lance              Conj/Tloc      #.......     100%        4    #####..
 Fulminant Prism          Conj/Hex       #.........   100%        4    #####..
 Iskenderun's Mystic Bla  Conj           #.......     100%        4    #####..
 Summon Ice Beast         Ice/Summ       #.......     100%        4    #####..
 Summon Lightning Spire   Summ/Air       #.......     100%        4    #####..
 Borgnjor's Vile Clutch   Necr/Erth      #.........   100%        5    ######.
 Silence                  Hex/Air        #.........   100%        5    ######.
 Yara's Violent Unravell  Hex/Tmut       #.........   100%        5    ######.
 Death Channel            Necr           #.........   100%        6    #######
 Deflect Missiles         Chrm/Air       #.........   100%        6    #######
 Freezing Cloud           Conj/Ice/Air   #.........   100%        6    #######
 Simulacrum               Ice/Necr       #.........   100%        6    #######
 Ring of Flames           Chrm/Fire      #.........   100%        7    #######
 Discord                  Hex            #.........   100%        8    #######


Dungeon Overview and Level Annotations

Branches:
Dungeon (15/15)            Temple (0/1) D:7            Lair (6/6) D:11
 Shoals (4/4) Lair:3       Spider (4/4) Lair:3        Slime (0/5) Lair:5
    Orc (2/2) D:12            Elf (0/3) Orc:2        Vaults (0/5) D:13
 Depths (1/5) D:15

Altars:
Dithmenos
Elyvilon
Fedhas
Gozag
Makhleb
Nemelex Xobeh
Ru
Uskayaw
Wu Jian
Yredelemnul
Beogh
Jiyva

Shops:
D:8 [   Orc:2 }?}*

Annotations:
D:5 2 transporters, 2 runed translucent doors, Think's ghost, novice OpFi
D:13 1 transporter, Ahrinia's ghost, journeyman DsGl
D:14 2 runed translucent doors
Lair:3 1 exclusion
Spider:2 3 exclusions


Innate Abilities, Weirdness & Mutations

You have razor-sharp toenails.
You are surrounded by a strong repulsion field. (EV +4, RMsl)
Your flesh is cold resistant. (rC+)
A meltable icy envelope protects you from harm. (AC +10)
You resist negative energy. (rN+)
When hurt, damage is shared between your health and your magic reserves.
You regenerate magic rapidly.
You are immune to freezing clouds.
Your spells are a little easier to cast, but a little less powerful.


Message History

Evoke which item? (* to show all) (? for menu, Esc to quit)
You reach into the bag... ...and things crawl out!
The ice dragon is caught in a web!
The ice dragon struggles to get unstuck from the web.
The ice dragon tears the web.
The juggernaut completely misses you.
The juggernaut hits you but does no damage.
Your soldier ant stings the juggernaut but does no damage.
Something bites your soldier ant! Something claws your soldier ant.
Something tramples your soldier ant.
Your soldier ant holds its ground!
Your soldier ant stings the juggernaut but does no damage.
Something bites your soldier ant but does no damage.
Something claws your soldier ant!
Your soldier ant dies!
Your soldier ant's corpse disappears in a puff of smoke!
There is an open door here.
The juggernaut hits you!!!
* * * LOW HITPOINT WARNING * * *
The juggernaut hits you!
You die...

.......<...................<#.##
...............................#
..............#.##......##..#.##
..............##........##..#..##
..............###......##...#...#
#.....#######............#..#....
##...##.....##..#..........#..#..
#...##.D.....####.............#..
....#..#####..#.@............####
....#..#)).#..#C...#.......#<# ##
....#.a')>.#..'....#.......#.###.
....#..#D..#..###.#..............
....#..#####..# #.##...........#.
....##.......####.#............#.
.....##.....##..#....#.........#.
......#######..).....#...........
....................###..........


You could see a juggernaut.

Vanquished Creatures
  Arachne (Spider:4)
  Agnes (D:13)
  Kirke (Lair:3)
  4 ghost moths
  6 emperor scorpions
  Nessos (Lair:6)
  2 entropy weavers
  A minotaur (Gauntlet)
  Snorg (D:13)
  2 blizzard demons (IceCv)
  2 merfolk javelineers
  5 merfolk impalers
  An ogre mage (D:15)
  Josephine (Lair:5)
  Harold (D:10)
  3 vault guards (D:13)
  6 merfolk aquamancers
  2 merfolk avatars (Shoals:4)
  8 two-headed ogres
  3 centaur warriors
  2 death yaks (Lair:6)
  A tengu warrior (D:13)
  3 orc high priests (Orc:2)
  5 skeletal warriors
  2 unseen horrors
  16 sea snakes
  3 wizards
  6 orc knights
  An orange crystal statue (Gauntlet)
  18 harpies
  18 orb spiders
  2 deep elf magi (D:15)
  6 orc sorcerers
  12 wolf spiders
  3 cyclopes
  9 manticores
  21 elephants
  An oklob plant (Orc:1)
  14 ugly things
  3 moths of wrath
  3 centaur zombies
  Maurice (D:9)
  2 black mambas
  8 merfolk sirens
  2 gargoyles
  4 water nymphs
  Psyche (D:9)
  4 torpor snails
  An ice statue (IceCv)
  3 centaur skeletons
  4 rime drakes
  4 kobold demonologists
  10 spiny frogs
  11 demonic crawlers
  5 freezing wraiths
  8 komodo dragons
  A yaktaur (D:13)
  An anaconda simulacrum (IceCv)
  6 ice devils (IceCv)
  3 golden dragon simulacra (IceCv)
  4 polar bears
  4 trolls
  A polar bear (shapeshifter) (Depths:1)
  22 jumping spiders
  15 hornets
  A wolf spider simulacrum (IceCv)
  A meliai (D:13)
  5 wind drakes
  A queen bee (Lair:3)
  25 merfolk
  5 blink frogs (Lair:4)
  10 snapping turtles
  6 slime creatures
  14 hippogriffs
  18 dream sheep
  3 centaur simulacra
  11 water elementals
  70 redbacks
  30 tarantellas
  13 spriggans
  A vampire (D:13)
  61 yaks
  A ynoxinul (Gauntlet)
  A dire elephant simulacrum (IceCv)
  2 shadows
  2 wyverns
  6 basilisks
  6 wraiths
  7 hogs
  2 humans
  3 hungry ghosts
  2 vampire mosquitoes (D:13)
  A soldier ant (D:11)
  A warg (Orc:1)
  4 harpy simulacra (IceCv)
  2 acid dragons
  2 iron troll simulacra (IceCv)
  8 water moccasins
  2 hydra simulacra (IceCv)
  9 porcupines
  25 orc warriors
  A sky beast (D:10)
  9 black bears
  5 ice beasts
  2 ettin simulacra (IceCv)
  A hornet zombie (D:14)
  An eye of draining (D:10)
  12 ogres
  4 phantoms
  7 boggarts
  7 centaurs
  56 wolves
  14 crocodiles
  Blork the orc (D:6)
  18 bullfrogs
  A wyvern zombie (D:12)
  A wyvern skeleton (D:12)
  3 scorpions
  41 killer bees
  7 wights
  12 howler monkeys
  4 electric eels
  4 crimson imps
  A bullfrog zombie (D:9)
  3 draconian simulacra (IceCv)
  A lava snake (D:12)
  2 quasits
  18 orc priests
  9 hounds
  2 bullfrog skeletons
  8 jellies
  3 iguanas
  2 iron imps (Gauntlet)
  9 worker ants
  17 orc wizards
  2 hell rats (Lair:3)
  A polar bear simulacrum (IceCv)
  A spriggan simulacrum (IceCv)
  2 troll simulacra (IceCv)
  A wolf simulacrum (IceCv)
  2 naga simulacra (IceCv)
  12 adders
  3 gnolls (D:7)
  A river rat (Lair:3)
  6 shadow imps
  A white imp (IceCv)
  9 ufetubi (IceCv)
  2 oozes
  3 worms (D:2)
  2 dart slugs (D:1)
  4 leopard geckos
  60 orcs
  2 giant cockroaches
  6 hobgoblins
  14 jackals
  10 kobolds
  A quokka (D:4)
  2 ball pythons (D:3)
  8 bats
  3 frilled lizards
  4 goblins
  2 leopard gecko skeletons
  A quokka skeleton (D:4)
  13 rats
  2 plants
1153 creatures vanquished.

Vanquished Creatures (collateral kills)
  Nikola (Spider:4)
1 creature vanquished.

Vanquished Creatures (others)
  A ghost moth (Spider:4)
  An entropy weaver (Spider:2)
  3 hydras
  A wolf spider (Spider:4)
  A torpor snail (Lair:3)
  A kobold demonologist (D:12)
  A redback (Spider:1)
  A white imp (IceCv)
  5 fungi
  13 plants
  A withered plant (Gauntlet)
29 creatures vanquished.

Grand Total: 1183 creatures vanquished

Notes
Turn   | Place    | Note
-------+----------+-------------------------------------------
     0 | Abyss:1  | Blackhawk the Demonspawn Abyssal Knight began the quest for
                  | the Orb.
     0 | Abyss:1  | Reached XP level 1. HP: 18/18 MP: 2/2
    71 | Abyss:1  | Noticed a neqoxec
    72 | Abyss:1  | Gained mutation: Your spells are a little easier to cast,
                  | but a little less powerful. [a neqoxec]
    84 | Abyss:1  | Noticed a thrashing horror
    89 | D:1      | Escaped the Abyss
   318 | D:1      | Reached skill level 1 in Dodging
   425 | D:1      | Reached * piety under Lugonu
   618 | D:1      | Gained mutation: Your flesh is cold resistant. (rC+)
                  | [demonic ancestry]
   618 | D:1      | Reached XP level 2. HP: 24/24 MP: 4/4
  1221 | D:2      | Gained mutation: You are immune to freezing clouds.
                  | [demonic ancestry]
  1221 | D:2      | Reached XP level 3. HP: 28/29 MP: 5/5
  1936 | D:2      | Found a basalt altar of Yredelemnul.
  1952 | D:2      | Found an ornate altar of the Wu Jian Council.
  1983 | D:2      | Reached skill level 1 in Shields
  2363 | D:3      | Reached ** piety under Lugonu
  2610 | D:3      | Found a white marble altar of Elyvilon.
  2781 | D:4      | Gained mutation: When hurt, damage is shared between your
                  | health and your magic reserves. [demonic ancestry]
  2781 | D:4      | Reached XP level 4. HP: 31/35 MP: 6/6
  3226 | D:4      | Gained mutation: You are surrounded by a mild repulsion
                  | field. (EV +2) [demonic ancestry]
  3226 | D:4      | Reached XP level 5. HP: 41/42 MP: 7/7
  3479 | D:4      | Noticed a +0 hand axe
  3480 | D:4      | Noticed a +0 dagger
  3483 | D:4      | Found a hide-covered altar of Uskayaw.
  3690 | D:4      | Noticed an ogre
  3704 | D:4      | Killed an ogre
  3704 | D:4      | Gained mutation: You are surrounded by a moderate repulsion
                  | field. (EV +3) [demonic ancestry]
  3704 | D:4      | Reached XP level 6. HP: 20/48 MP: 4/9
  4030 | D:5      | Entered Level 5 of the Dungeon
  4278 | D:5      | Found an opulent altar of Gozag.
  4500 | D:5      | Found a transporter.
  4508 | D:5      | Found a transporter.
  4678 | D:5      | Found a large runed translucent door.
  4678 | D:5      | Found a large runed translucent door.
  4685 | D:5      | Noticed Think's ghost (novice OpFi)
  5055 | D:6      | Noticed Blork the orc
  5073 | D:6      | Killed Blork the orc
  5175 | D:6      | Reached skill level 5 in Invocations
  5175 | D:6      | Reached XP level 7. HP: 55/55 MP: 10/10
  5960 | D:6      | Noticed a troll
  5978 | D:6      | Killed a troll
  5978 | D:6      | Reached skill level 5 in Fighting
  6492 | D:7      | Reached skill level 5 in Axes
  6576 | D:7      | Reached XP level 8. HP: 63/63 MP: 11/11
  6592 | D:7      | Found a sacrificial altar of Ru.
  6643 | D:7      | Found a burning altar of Makhleb.
  6783 | D:7      | Got a twisted whip
  6789 | D:7      | Identified the cursed +0 whip "Spider's Foe" {slash, rElec}
                  | (You found it on level 7 of the Dungeon)
  7289 | D:7      | Found a faded altar of an unknown god.
  7291 | D:7      | Found a staircase to the Ecumenical Temple.
  7364 | D:7      | Found a shadowy altar of Dithmenos.
  7797 | D:8      | Noticed a hippogriff
  7843 | D:7      | Reached *** piety under Lugonu
  7843 | D:7      | Reached skill level 5 in Shields
  7885 | D:7      | Killed a hippogriff
  7885 | D:7      | Gained mutation: You are surrounded by a strong repulsion
                  | field. (EV +4, RMsl) [demonic ancestry]
  7885 | D:7      | Reached XP level 9. HP: 64/71 MP: 10/12
  8335 | D:8      | Found Eqis's Antique Armour Boutique.
  8845 | D:8      | Found a sparkling altar of Nemelex Xobeh.
  8974 | D:9      | Found a blossoming altar of Fedhas.
  8974 | D:9      | Noticed Psyche
  9025 | D:9      | Killed Psyche
  9427 | D:9      | Gained mutation: You have sharp toenails. [demonic
                  | ancestry]
  9427 | D:9      | Reached XP level 10. HP: 63/80 MP: 11/13
  9574 | D:9      | Paralysed by fainting for 7 turns
  9812 | D:9      | Noticed Maurice
  9901 | D:9      | Killed Maurice
 10475 | D:10     | Entered Level 10 of the Dungeon
 10528 | D:10     | Reached **** piety under Lugonu
 10981 | D:10     | Noticed Harold
 11075 | D:10     | Killed Harold
 11075 | D:10     | Reached skill level 10 in Axes
 11826 | D:10     | Killed an unseen horror
 11826 | D:10     | Reached XP level 11. HP: 70/89 MP: 13/16
 11988 | D:10     | Noticed a two-headed ogre
 12050 | D:10     | Killed a two-headed ogre
 13372 | D:10     | Reached skill level 5 in Armour
 13522 | D:11     | Found a staircase to the Lair.
 13676 | D:11     | Reached ***** piety under Lugonu
 14256 | D:8      | Bought a twisted scale mail for 279 gold pieces
 14259 | D:8      | Identified the +3 scale mail "Itolichy" {Stlth+} (You
                  | bought it in a shop on level 8 of the Dungeon)
 14431 | Lair:1   | Entered Level 1 of the Lair of Beasts
 14862 | Lair:1   | Noticed a spriggan rider
 14872 | Lair:1   | Reached skill level 10 in Fighting
 14980 | Lair:1   | Reached XP level 12. HP: 48/97 MP: 17/17
 15297 | Lair:1   | Got a glittering platinum ring
 15331 | Lair:1   | Identified the ring of the Harvest {rPois MR+ MP+9 Int-3
                  | Stlth+} (You found it on level 1 of the Lair of Beasts)
 17518 | Lair:3   | Found a staircase to the Shoals.
 18098 | Lair:3   | Found a hole to the Spider Nest.
 18513 | Lair:3   | Noticed a five-headed hydra
 18520 | Lair:3   | Banished a five-headed hydra
 19120 | Lair:4   | Noticed a six-headed hydra
 19136 | Lair:4   | Banished a six-headed hydra
 20143 | Lair:4   | Reached XP level 13. HP: 31/106 MP: 20/20
 20698 | Lair:4   | Reached skill level 10 in Invocations
 22023 | Lair:5   | Got a brightly glowing helmet
 22029 | Lair:5   | Identified the +2 helmet of the Evening {rPois Str+4 Dex+2}
                  | (You found it on level 5 of the Lair of Beasts)
 22060 | Lair:5   | Noticed Josephine
 22934 | Lair:5   | Found a viscous altar of Jiyva.
 22936 | Lair:5   | Found a staircase to the Slime Pits.
 23135 | Lair:5   | Killed Josephine
 23731 | Lair:6   | Entered Level 6 of the Lair of Beasts
 23996 | Lair:5   | Reached ****** piety under Lugonu
 24470 | Lair:6   | Noticed Nessos
 24505 | Lair:6   | Killed Nessos
 25083 | Lair:6   | Gained mutation: You regenerate magic rapidly. [demonic
                  | ancestry]
 25083 | Lair:6   | Reached XP level 14. HP: 100/116 MP: 22/22
 25275 | Lair:6   | Identified a scroll of acquirement
 25276 | Lair:6   | Found the +6 shillelagh "Devastator" {shatter}
 25277 | Lair:6   | Gained mutation: You have razor-sharp toenails. [demonic
                  | ancestry]
 25277 | Lair:6   | Reached XP level 15. HP: 122/122 MP: 24/24
 27065 | D:12     | Found a staircase to the Orcish Mines.
 27206 | D:12     | Reached skill level 10 in Armour
 28737 | D:13     | Found a transporter.
 28738 | D:13     | Found a transporter.
 28918 | D:13     | Noticed Snorg
 28931 | D:13     | Killed Snorg
 29227 | D:13     | Found a gate to the Vaults.
 29496 | D:13     | Noticed Ahrinia's ghost (journeyman DsGl)
 31657 | D:14     | Noticed Agnes
 31669 | D:13     | Killed Agnes
 32104 | D:14     | Found a large runed translucent door.
 32105 | D:14     | Found a large runed translucent door.
 32684 | D:15     | Entered Level 15 of the Dungeon
 33249 | D:15     | Reached XP level 16. HP: 127/132 MP: 25/25
 33707 | D:15     | Found a staircase to the Depths.
 33946 | Orc:1    | Entered Level 1 of the Orcish Mines
 34531 | Orc:2    | Entered Level 2 of the Orcish Mines
 34553 | Orc:2    | Found a gate leading to a gauntlet.
 34574 | Gauntlet | Entered a Gauntlet
 34574 | Gauntlet | Found a large runed translucent door.
 34574 | Gauntlet | Found a large runed translucent door.
 34574 | Gauntlet | Found a large runed translucent door.
 34574 | Gauntlet | Found a transporter.
 34574 | Gauntlet | Found a large runed translucent door.
 34574 | Gauntlet | Found a runed translucent door.
 34574 | Gauntlet | Found a large runed translucent door.
 34574 | Gauntlet | Found a large runed translucent door.
 34574 | Gauntlet | Found a large runed translucent door.
 34574 | Gauntlet | Found a large runed translucent door.
 34574 | Gauntlet | Found a runed translucent gate.
 34574 | Gauntlet | Found a runed translucent gate.
 34574 | Gauntlet | Found a transporter.
 34574 | Gauntlet | Found a transporter.
 34575 | Gauntlet | Found a runed translucent door.
 34575 | Gauntlet | Found a runed translucent gate.
 34576 | Gauntlet | Found a transporter.
 34577 | Gauntlet | Found a transporter.
 34580 | Gauntlet | Found a transporter.
 34584 | Gauntlet | Found a runed translucent door.
 34584 | Gauntlet | Found a runed translucent door.
 34587 | Gauntlet | Found a transporter.
 34588 | Gauntlet | Found a transporter.
 34589 | Gauntlet | Found a transporter.
 34591 | Gauntlet | Found a transporter.
 34599 | Gauntlet | Found a transporter.
 34602 | Gauntlet | Found a transporter.
 34643 | Gauntlet | Found a large runed translucent door.
 34644 | Gauntlet | Found a large runed translucent door.
 34644 | Gauntlet | Found a large runed translucent door.
 34645 | Gauntlet | Found a large runed translucent door.
 34716 | Gauntlet | Found a large runed translucent door.
 34716 | Gauntlet | Found a large runed translucent door.
 34717 | Gauntlet | Found a large runed translucent door.
 34718 | Gauntlet | Found a large runed translucent door.
 34933 | Gauntlet | Got a sparkling amber ring
 35030 | Gauntlet | Identified the ring of Immorality {rC+ rN+ EV+2 Int+4} (You
                  | found it in a Gauntlet)
 35437 | Orc:2    | Found Tan Weqy's Gadget Emporium.
 35471 | Orc:2    | Reached skill level 10 in Shields
 36155 | Orc:2    | Found Pag Hut's Gadget Boutique.
 36171 | Orc:2    | Found Okhax's General Store.
 36173 | Orc:2    | Found Nioploho's Magic Scroll Emporium.
 36235 | Orc:2    | Found a roughly hewn altar of Beogh.
 36283 | Orc:2    | Found a staircase to the Elven Halls.
 36497 | Spider:1 | Entered Level 1 of the Spider Nest
 38671 | Spider:1 | You fall through a shaft!
 38684 | Spider:2 | Reached skill level 15 in Fighting
 39288 | Spider:2 | Paralysed by a hornet for 3 turns
 41506 | Spider:3 | Gained mutation: A meltable icy envelope protects you from
                  | harm. (AC +10) [demonic ancestry]
 41506 | Spider:3 | Reached XP level 17. HP: 135/142 MP: 27/27
 41810 | Spider:3 | Got an ominously black robe
 42507 | Spider:4 | Entered Level 4 of the Spider Nest
 42809 | Spider:4 | Noticed Nikola
 42835 | Spider:4 | Killed Nikola
 43099 | Spider:4 | Reached skill level 15 in Axes
 43314 | Spider:4 | Reached skill level 15 in Invocations
 45142 | Spider:4 | Got a gossamer rune of Zot
 45355 | Spider:4 | Noticed Arachne
 45392 | Spider:4 | Killed Arachne
 45925 | Shoals:1 | Entered Level 1 of the Shoals
 45925 | Shoals:1 | Noticed Kirke
 46009 | Lair:3   | Killed Kirke
 46866 | Shoals:1 | Gained mutation: You resist negative energy. (rN+) [demonic
                  | ancestry]
 46866 | Shoals:1 | Reached XP level 18. HP: 125/151 MP: 30/30
 48620 | Shoals:3 | Found a frozen archway.
 48632 | IceCv    | Entered an ice cave
 49578 | IceCv    | Identified the ring "Mauneg" {rPois rC+ Dex+2 Slay+2 SInv}
                  | (You found it in an ice cave)
 49596 | IceCv    | Identified the ring of Amelioration {+Fly rC+ Int+4} (You
                  | found it in an ice cave)
 50523 | Shoals:4 | Entered Level 4 of the Shoals
 52468 | Shoals:4 | Got a barnacled rune of Zot
 52766 | Orc:2    | Bought the ring "Kaylur" {MR+ Dex+2} for 301 gold pieces
 52914 | Depths:1 | Entered Level 1 of the Depths
 52940 | Depths:1 | Noticed a juggernaut
 52995 | D:15     | HP: 1/153 [juggernaut (28)]
 52995 | D:15     | Mangled by a juggernaut

Levels and vault maps discovered:
D:1:      dpeg_arrival_boxes_within_box, layout_loops_ring, minmay_heptomino_o4
D:2:      layout_loops_corners, minitemple
D:3:      layout_rooms, lemuel_doored_altar
D:4:      layout_cave_pools, dancing_weapons_uskayaw, first_ration
D:5:      gammafunk_steamed_eel, layout_loops_corners,
          nicolae_gozag_seed_capital, ebering_ghost_disaster_area,
          corexii_corridor_pit
D:6:      layout_layer_cave, uniq_blork_the_orc
D:7:      layout_rooms, grunt_dithmenos_smoke_and_mirrors, kennysheep_mini,
          nicolae_temple_entry_ecumenical, hangedman_decor_slide_cut,
          bloody_makhleb
D:8:      layout_gridville, serial_shops, nicolae_shop_behind_doors, basic_altar
D:9:      layout_loops_ring, grunt_livestock, fedhas_altar_3, uniq_psyche,
          uniq_maurice
D:10:     layout_loops_ring, uniq_harold
D:11:     layout_rooms, minmay_lair_entry_grove
D:12:     nooodl_glass_maze, layout_long_grid, orc_0_dummy, kennysheep_donut
D:13:     layout_loops_ring, grunt_vaults_entry_fortified, special_room
          [special_room_orc], gammafunk_ghost_hive, serial_bayou_lake_a,
          uniq_snorg
D:14:     doesnt_quadruple_sword, layout_gridville, grunt_decor_resistance,
          kennysheep_nub, uniq_agnes
D:15:     grunt_enter_depths_magical_seal, layout_cave_pools, chequers_arboretum
Lair:1:   layout_regular_city, grunt_forest_large_clearings
Lair:2:   layout_regular_city
Lair:3:   regret_index_combs_of_tragedy, layout_regular_city,
          elwin_shoals_entry_stream, spider_nest_entry_a, lemuel_fruit_tree
Lair:4:   layout_small_grid
Lair:5:   layout_cave_pods, slime_altar_1, uniq_josephine
Lair:6:   minmay_lair_end_enchanted_forest, layout_hall_layers, uniq_nessos
Shoals:1: layout_shoals, uniq_kirke
Shoals:2: layout_shoals
Shoals:3: layout_shoals, portal_ice_cave_entry_pillars_four
Shoals:4: shoals_end_hangedman, layout_shoals
Spider:1: layout_spider_delve
Spider:2: layout_spider_delve, nicolae_spider_circle_web,
          hangedman_spider_trapstep
Spider:3: layout_spider_delve, drop_trap
Spider:4: grunt_spider_rune_circles, uniq_nikola, uniq_arachne
Orc:1:    layout_diamond_mine, serial_shops, mines3_lemuel
Orc:2:    st_orc_elflike, layout_caves, gauntlet_entry_generic, basic_altar
Depths:1: minmay_glassy_protrusions, layout_basic, enter_ziggurat_a,
          lightli_too_deep, minmay_misc_feat_tower, abyss_entry, kb_rosetta
Abyss:1:  hangedman_classic_abyss_death
IceCv:    ice_cave_caverns_03
Gauntlet: minmay_gauntlet_mixed_big_or_small
          [minmay_gauntlet_arena_make_your_own_arena,
          minmay_gauntlet_arena_77_two_paths, nicolae_gauntlet_arena_x,
          minmay_gauntlet_arena_77_shame_cube, gammafunk_gauntlet_arena_mazey,
          minmay_gauntlet_arena_77_box, gauntlet_exit_watery]

Skill      XL: |  1  2  3  4  5  6  7  8  9 10 11 12 13 14 15 16 17 18 |
---------------+-------------------------------------------------------+-----
Dodging        | 1 4 7 |  7.3
Axes           | 2 3 5 7 8 10 11 12 14 15 16 | 16.0
Armour         | 2 4 6 8 9 10 | 10.3
Invocations    | 3 4 5 6 7 9 11 12 14 16 | 16.7
Shields        | 1 2 3 5 6 7 8 10 12 | 12.8
Fighting       | 4 5 6 7 9 10 11 12 13 15 16 | 16.7

Action                   |  1- 3 |  4- 6 |  7- 9 | 10-12 | 13-15 | 16-18 || total
-------------------------+-------+-------+-------+-------+-------+-------++-------
Melee: Hand axe          |   122 |    33 |    83 |    57 |       |       ||   295
       Whip              |    21 |   141 |   474 |  1489 |  1984 |     9 ||  4118
       Shillelagh        |       |       |       |       |   287 |  1806 ||  2093
       War axe           |       |       |       |       |   198 |       ||   198
       Broad axe         |       |       |       |       |       |   127 ||   127
Invok: Depart the Abyss  |     1 |       |       |       |       |       ||     1
       Banish            |       |       |       |     6 |     2 |     2 ||    10
Evoke: Wand              |       |       |     3 |     2 |       |     2 ||     7
       Sack of spiders   |       |       |       |       |       |     2 ||     2
       Box of beasts     |       |       |       |       |       |     1 ||     1
  Use: Scroll            |    10 |     1 |     9 |     7 |     3 |    22 ||    52
       Potion            |       |       |       |     2 |     2 |     5 ||     9
 Stab: Sleeping          |     1 |       |       |     4 |     5 |     5 ||    15
       Invisible         |       |       |     1 |       |       |       ||     1
       Petrified         |       |       |       |     3 |       |       ||     3
       Petrifying        |       |       |       |     2 |       |       ||     2
       Distracted        |       |       |       |       |       |     3 ||     3
       Confused          |       |       |       |       |       |     2 ||     2
  Eat: Chunk             |     6 |     8 |    15 |    34 |    33 |    34 ||   130
       Ration            |       |       |     2 |     3 |     4 |     9 ||    18
Armor: Leather armour    |     9 |       |       |       |       |       ||     9
       Chain mail        |    83 |   115 |   295 |   286 |       |       ||   779
       Scale mail        |       |       |       |   225 |   646 |  1033 ||  1904
Dodge: Dodged            |    21 |    21 |    94 |   403 |   813 |  1355 ||  2707
       Deflected         |       |       |       |     6 |    13 |    29 ||    48
Block: Large shield      |    49 |   121 |   447 |  1166 |  1989 |  2648 ||  6420

Table legend:
 A = Non-vault XP
 B = Vault XP
 C = Vault XP percentage of total XP
 D = Non-vault monster count
 E = Vault monster count
 F = Vault count percentage of total count
                 A         B        C        D         E       F
            +---------+---------+-------+---------+---------+-------
      Total |  179776 |  125423 |  41.1 |     784 |     377 |  32.5
            +---------+---------+-------+---------+---------+-------
        D:1 |      38 |       1 |   2.6 |      18 |       1 |   5.3
        D:2 |      42 |       0 |   0.0 |      21 |       0 |   0.0
        D:3 |      53 |       0 |   0.0 |      12 |       0 |   0.0
        D:4 |     290 |       0 |   0.0 |      17 |       0 |   0.0
        D:5 |      51 |       0 |   0.0 |       7 |       0 |   0.0
        D:6 |     695 |      91 |  11.6 |      16 |       1 |   5.9
        D:7 |    1357 |       0 |   0.0 |      22 |       0 |   0.0
        D:8 |    1447 |       0 |   0.0 |      25 |       0 |   0.0
        D:9 |    1794 |    1878 |  51.1 |      23 |       7 |  23.3
       D:10 |    5370 |    2351 |  30.4 |      55 |      11 |  16.7
       D:11 |    2428 |     242 |   9.1 |      14 |       2 |  12.5
       D:12 |    7539 |    1063 |  12.4 |      34 |       6 |  15.0
       D:13 |    4458 |   12431 |  73.6 |      26 |      41 |  61.2
       D:14 |    9486 |       0 |   0.0 |      36 |       0 |   0.0
       D:15 |    9712 |    8278 |  46.0 |      30 |      11 |  26.8
     Lair:1 |    3595 |    3717 |  50.8 |      16 |      31 |  66.0
     Lair:2 |    3325 |       0 |   0.0 |      18 |       0 |   0.0
     Lair:3 |   11698 |   10427 |  47.1 |      44 |      53 |  54.6
     Lair:4 |    9499 |       0 |   0.0 |      36 |       0 |   0.0
     Lair:5 |   10246 |    1881 |  15.5 |      40 |       5 |  11.1
     Lair:6 |   10752 |    8556 |  44.3 |      33 |      43 |  56.6
   Shoals:1 |   18627 |       0 |   0.0 |      34 |       0 |   0.0
   Shoals:2 |    9836 |       0 |   0.0 |      22 |       0 |   0.0
   Shoals:3 |    6048 |    3086 |  33.8 |      17 |       6 |  26.1
   Shoals:4 |    9118 |   14684 |  61.7 |      22 |      23 |  51.1
   Spider:1 |    9381 |       0 |   0.0 |      24 |       0 |   0.0
   Spider:2 |    9423 |     866 |   8.4 |      26 |       3 |  10.3
   Spider:3 |    6027 |    6566 |  52.1 |      18 |       4 |  18.2
   Spider:4 |   14958 |   25414 |  62.9 |      48 |      40 |  45.5
      Orc:1 |     858 |     527 |  38.1 |      14 |       1 |   6.7
      Orc:2 |     968 |    8315 |  89.6 |      12 |      25 |  67.6
   Depths:1 |     657 |       0 |   0.0 |       4 |       0 |   0.0
      IceCv |       0 |    9613 | 100.0 |       0 |      51 | 100.0
   Gauntlet |       0 |    5436 | 100.0 |       0 |      12 | 100.0
            +---------+---------+-------+---------+---------+-------
